Map: Eternal Empire LE

Players

Changuito

  • Race: Terran Terran
  • League: Gold
  • Spawn Location: 1:00

ViBE - Winner!

  • Race: Zerg Zerg
  • League: Silver
  • Spawn Location: 7:00

VOD

Have the link to the VOD?

Description

Time

  • Played on: Dec. 7, 2019, 5:43 p.m.
  • Length: 12:20
Show
View Real Time Build Order
Export as new Build Order

Changuito Terran 

Build Orders:  

Get SALT Encoding   

  12  0:02  SCV  
  14  0:14  SCV  
  14  0:26  Supply Depot  
  14  0:28  SCV  
  15  0:37  Refinery  
  15  0:48  SCV  
  16  0:51  Barracks  
  16  1:00  SCV  
  17  1:09  Supply Depot  
  17  1:13  SCV  
  18  1:25  SCV  
  19  1:40  Reaper  
  20  1:52  Orbital Command  
  20  1:53  Refinery  
  20  2:04  Factory  
  20  2:12  Marine  
  21  2:24  Barracks  
  21  2:26  SCV  
  21  2:29  Marine  
  23  2:38  SCV  
  24  2:47  Marine  
  25  3:03  Factory Tech Lab  
  25  3:04  Starport  
  25  3:06  SCV  
  25  3:11  Barracks Reactor  
  26  3:18  SCV, Barracks  
  27  3:38  Command Center  
  27  3:39  Siege Tank  
  30  3:42  Starport Reactor  
  30  3:51  SCV  
  31  4:08  Supply Depot  
  31  4:13  Supply Depot  
  31  4:17  Engineering Bay  
  31  4:20  Barracks Reactor  
  31  4:29  Marine x3, SCV  
  35  4:37  Medivac  
  35  4:38  Medivac  
  39  4:42  SCV  
  40  4:47  Marine x3  
  40  4:48  Siege Tank  
  46  4:54  SCV  
  47  5:05  Marine  
  48  5:13  Bunker  
  48  5:20  Supply Depot  
  48  5:21  Supply Depot  
  48  5:22  Terran Infantry Weapons Level 1  
  48  5:23  Medivac  
  48  5:24  Marine  
  48  5:25  Marine x2  
  53  5:52  Orbital Command, Supply Depot  
  53  5:57  SCV  
  54  6:09  SCV  
  55  6:12  Supply Depot  
  55  6:14  Marine x4  
  55  6:15  Supply Depot  
  55  6:18  SCV  
  61  6:21  SCV  
  61  6:25  Siege Tank  
  65  6:32  Barracks Tech Lab  
  64  6:47  Sensor Tower  
  64  6:50  Supply Depot  
  63  6:59  Marine x4  
  67  7:01  Stimpack  
  67  7:07  SCV  
  67  7:08  SCV  
  69  7:16  Missile Turret  
  69  7:20  SCV x2  
  71  7:24  Refinery  
  71  7:27  Refinery  
  71  7:28  Missile Turret  
  71  7:34  Marine x2  
  71  7:35  Marine x3  
  76  7:37  Siege Tank  
  76  7:41  Medivac x2  
  83  7:45  Terran Infantry Armor Level 1  
  83  7:50  Supply Depot  
  83  7:52  Marine x2  
  83  7:55  SCV x2  
  87  8:07  SCV  
  88  8:21  Sensor Tower, Supply Depot  
  90  8:34  Widow Mine  
  90  8:39  Sensor Tower  
  90  8:40  Liberator x2  
  90  8:44  Supply Depot  
  90  8:46  Supply Depot  
  90  8:54  Command Center  
  92  8:56  Widow Mine  
  98  9:17  Marine x5  
  98  9:19  Siege Tank  
  98  9:23  Liberator  
  106  9:29  SCV x2  
  108  9:34  Marine  
  109  9:41  SCV  
  102  10:05  Marine  
  102  10:06  Marine x3  
Show
View Real Time Build Order
Export as new Build Order

ViBE Zerg - Winner!

Build Orders: Hatch First 

Get SALT Encoding   

  12  0:01  Drone  
  13  0:14  Overlord  
  13  0:19  Drone  
  14  0:32  Drone x2  
  16  0:51  Hatchery  
  16  0:55  Drone  
  16  1:00  Drone x2  
  18  1:09  Drone  
  19  1:18  Spawning Pool  
  19  1:21  Drone  
  19  1:29  Drone  
  19  1:30  Extractor  
  19  1:43  Drone  
  20  1:59  Overlord  
  20  2:07  Drone x2  
  22  2:09  Queen x2  
  26  2:21  Spine Crawler  
  26  2:22  Drone x2  
  27  2:29  Drone x2  
  29  2:35  Drone  
  30  2:38  Drone  
  31  2:44  Drone  
  31  2:46  Drone  
  31  2:51  Lair, Queen  
  33  2:57  Drone  
  36  3:05  Overlord  
  36  3:09  Overlord  
  36  3:24  Drone x6  
  42  3:30  Roach Warren  
  42  3:31  Drone x3  
  42  3:33  Evolution Chamber  
  43  3:41  Overlord  
  43  3:43  Drone  
  43  3:46  Overlord  
  44  3:50  Drone x5  
  44  3:52  Drone  
  44  3:53  Drone  
  51  3:59  Extractor x2  
  49  4:05  Overlord  
  49  4:13  Roach x2, Hatchery  
  49  4:14  Roach  
  54  4:24  Roach x4  
  62  4:25  Roach  
  64  4:32  Drone  
  64  4:33  Drone x2  
  64  4:38  Glial Reconstitution  
  67  4:41  Drone x2  
  67  4:42  Zerg Missile Weapons Level 1  
  69  4:45  Queen  
  69  4:48  Overlord  
  71  4:57  Drone x5  
  71  4:59  Overlord  
  76  5:16  Overlord  
  76  5:17  Overlord  
  76  5:20  Drone x3  
  79  5:33  Drone x7  
  86  5:44  Drone x3  
  86  5:47  Hatchery  
  86  5:49  Hydralisk Den  
  87  5:50  Evolution Chamber  
  87  5:52  Extractor  
  85  6:00  Drone x10  
  95  6:04  Drone  
  95  6:05  Drone  
  95  6:07  Extractor  
  95  6:08  Extractor  
  95  6:21  Drone x6  
  101  6:34  Overlord  
  101  6:35  Overlord x3  
  101  6:40  Zerg Missile Weapons Level 2  
  101  6:42  Zerg Ground Armor Level 1, Hatchery  
  101  6:43  Grooved Spines  
  100  6:52  Drone x6  
  106  6:55  Extractor, Drone x2  
  106  6:58  Extractor  
  106  7:00  Hydralisk x5  
  116  7:23  Hydralisk x14  
  116  7:27  Overlord x2  
  144  7:31  Overlord  
  144  7:32  Overlord x2  
  144  7:41  Overlord x2  
  144  7:49  Hydralisk x11  
  166  7:55  Muscular Augments  
  166  7:59  Overlord x2  
  166  8:15  Hatchery  
  166  8:19  Hydralisk x5  
  165  8:20  Hydralisk x7  
  189  8:32  Unknown  
  189  8:33  Drone x3  
  191  8:47  Hydralisk x4  
  199  9:14  Infestation Pit  
  199  9:16  Hydralisk  
  200  9:35  Hatchery  
  200  9:36  Hatchery  
  200  9:37  Hatchery  
  197  9:55  Hive  
  197  9:57  Zerg Ground Armor Level 2  
  185  10:04  Drone x8  
  185  10:06  Drone  
  176  10:07  Hydralisk x13  
Tags
 
Add a new tag
Caveats
  • Supply blocks, unpowered buildings, or Contaminate may cause inaccurate times.
  • Supply counts are checked every 10 seconds.